 Dungeon Crawl Stone Soup version 0.28-a0-1506-g3893175d92 (webtiles) character file.

Game seed: 17636379544496868948

512 parzival7114810 the Chopper (level 7, -2/60 HPs)
             Began as a Hill Orc Fighter on Jan 13, 2022.
             Killed by nerve-wracking pain
             ... invoked by Menkaure
              (11 damage)
             ... on level 5 of the Dungeon.
             The game lasted 00:13:44 (7748 turns).

parzival7114810 the Chopper (Hill Orc Fighter)      Turns: 7748, Time: 00:13:45

Health: -2/60      AC:  8    Str: 21    XL:     7   Next: 19%
Magic:  7/7        EV:  9    Int:  8    God:
Gold:   134        SH:  4    Dex: 10    Spells: 6/6 levels left

rFire   . . .      SeeInvis .   a - +1 war axe
rCold   . . .      Faith    .   c - +0 buckler
rNeg    . . .      Spirit   .   b - +1 scale mail
rPois   .          Reflect  .   (no helmet)
rElec   .          Harm     .   (no cloak)
rCorr   .          Rampage  .   (no gloves)
Will    .....                   (no boots)
Stlth   ..........              k - amulet of regeneration
HPRegen 1.00/turn               (no ring)
MPRegen 0.10/turn               (no ring)

@: no status effects
A: no striking features
a: no special abilities


You were on level 5 of the Dungeon.
You visited 1 branch of the dungeon, and saw 5 of its levels.

You collected 134 gold pieces.

Inventory:

Hand Weapons
 a - a +1 war axe (weapon)
Armour
 b - a +1 scale mail (worn)
 c - a +0 buckler (worn)
Jewellery
 k - an amulet of regeneration (around neck)
 m - a ring of positive energy
Scrolls
 d - a scroll of fog
 e - 2 scrolls of identify
 g - 3 scrolls of magic mapping
 h - a scroll of blinking
 i - a scroll of enchant armour
 o - 3 scrolls of teleportation
 p - a scroll of noise {unknown}
Potions
 f - 2 potions of curing
 j - a potion of heal wounds
 l - a potion of degeneration {unknown}
 n - 2 potions of flight {unknown}


   Skills:
 + Level 4.7 Fighting
 + Level 7.2 Axes
 + Level 5.1 Armour
 + Level 1.1 Dodging
 + Level 0.3 Stealth
 + Level 4.0 Shields


You had 6 spell levels left.
You didn't know any spells.
Your spell library contained the following spells:

 Spells                   Type           Power      Damage    Failure   Level
 Shock                    Conj/Air       0%         1d3       82%         1
 Confusing Touch          Hex            0%         N/A       99%         3
 Swiftness                Air            0%         N/A       99%         3
 Airstrike                Air            0%         N/A       100%        4
 Yara's Violent Unravell  Hex/Tmut       0%         3d3       100%        5
 Enfeeble                 Hex            0%         N/A       100%        7


Dungeon Overview and Level Annotations

Branches:
Dungeon (5/15)
 Temple: D:4-7

Altars:

Shops:
D:4 ?

Annotations:
D:5 Menkaure


Message History

The black bear barely misses you.
The black bear claws you but does no damage.
You block the black bear's attack.
You slash the black bear!
You kill the black bear!
Your Axes skill increases to level 7!
Your Armour skill increases to level 5!
Your Shields skill increases to level 4!
You have reached level 7!
You now have 134 gold pieces (gained 12).
Menkaure, Prince of Dust comes into view.
Menkaure shouts!
You hit Menkaure.
Menkaure is lightly damaged.
Menkaure hits you!
You barely miss Menkaure.
Menkaure is lightly damaged.
Menkaure gestures wildly while chanting.
Menkaure seems to speed up.
You slash Menkaure!
Menkaure is heavily damaged.
Menkaure hits you!
You hit Menkaure but do no damage.
Menkaure is heavily damaged.
Menkaure blazes with dark energy!
You block Menkaure's attack. Menkaure hits you!
You barely miss Menkaure.
Menkaure is heavily damaged.
Menkaure calls on the powers of darkness!
Your body is wracked with pain!
You hit Menkaure.
Menkaure is heavily damaged.
Menkaure hits you.
* * * LOW HITPOINT WARNING * * *
Menkaure hits you!
* * * LOW HITPOINT WARNING * * *
You hit Menkaure.
Menkaure is severely damaged.
Menkaure gestures at you while chanting.
Pain shoots through your body!
You die...

#..........#
#..........#
#..........#
#..........#
##.........#
............#
##.###......#
#.
#......#######
#.
#.....@M.....#
..........##...
..............
.#.###.###.#..#
#. .. .#..# .#.
## ## .... ## #


You could see Menkaure (fast).

Vanquished Creatures
  3 black bears
  2 iguanas
  An orc wizard (D:3)
  7 adders
  A worm (D:4)
  2 dart slugs
  11 orcs
  5 endoplasms
  4 giant cockroaches
  6 goblins
  7 hobgoblins
  4 jackals
  5 kobolds
  A quokka (D:4)
  6 ball pythons
  10 bats
  2 frilled lizards
  13 rats
90 creatures vanquished.

Vanquished Creatures (others)
  4 toadstools (D:1)
4 creatures vanquished.

Grand Total: 94 creatures vanquished

Notes
Turn   | Place    | Note
-------+----------+-------------------------------------------
     0 | D:1      | parzival7114810 the Hill Orc Fighter began the quest for
                  | the Orb.
     0 | D:1      | Reached XP level 1. HP: 19/19 MP: 1/1
   716 | D:1      | Reached XP level 2. HP: 22/27 MP: 2/2
  1082 | D:1      | Found a faded altar of an unknown god.
  1826 | D:1      | Reached skill level 3 in Axes
  2127 | D:1      | Reached XP level 3. HP: 27/33 MP: 3/3
  3512 | D:2      | Reached XP level 4. HP: 40/40 MP: 4/4
  3627 | D:2      | Reached skill level 4 in Axes
  4668 | D:3      | Reached XP level 5. HP: 29/47 MP: 5/5
  5444 | D:3      | Reached skill level 5 in Axes
  6345 | D:4      | Found Ymiko's Magic Scroll Emporium.
  6366 | D:4      | Reached skill level 6 in Axes
  6563 | D:4      | Noticed a black bear
  6586 | D:4      | Reached XP level 6. HP: 47/53 MP: 6/6
  6592 | D:4      | Killed a black bear
  7395 | D:4      | Noticed a black bear
  7400 | D:4      | Killed a black bear
  7401 | D:4      | Reached skill level 1 in Dodging
  7720 | D:5      | Entered Level 5 of the Dungeon
  7720 | D:5      | Noticed a black bear
  7726 | D:5      | Killed a black bear
  7727 | D:5      | Reached skill level 7 in Axes
  7727 | D:5      | Reached skill level 5 in Armour
  7727 | D:5      | Reached XP level 7. HP: 60/60 MP: 7/7
  7740 | D:5      | Noticed Menkaure
  7748 | D:5      | Killed from afar by Menkaure

Illustrated notes

Levels and vault maps discovered:
D:1:      ldierk_walled_garden_2, layout_loops_corners,
          shapermc_ecumenical_altar_pompeii, skrybe_limestone_x,
          minmay_tromino_i4
D:2:      layout_loops_corners, minmay_rat_gold_closets
D:3:      layout_loops_cross
D:4:      layout_gridville, serial_shops, shop_fountains,
          cheibrodos_sewer_entry_bend
D:5:      layout_rooms, minmay_fountain_box, minmay_misc_feat_roman,
          nicolae_take_the_stairs, uniq_menkaure, uniq_sigmund,
          uniq_prince_ribbit1, uniq_crazy_yiuf_cottage

Skill      XL: |  1  2  3  4  5  6 |
---------------+-------------------+-----
Axes           | 3 4 6 7 |  7.2
Fighting       | 4 |  4.7
Armour         | 4 5 |  5.1
Dodging        | 1 |  1.1
Shields        | 4 |  4.0
Stealth        | |  0.3

Action                   |  1- 3 |  4- 6 |  7- 9 || total
-------------------------+-------+-------+-------++-------
Melee: War axe           |   107 |   128 |     7 ||   242
  Use: Potion            |     5 |     4 |       ||     9
       Scroll            |     5 |     2 |       ||     7
Armor: Scale mail        |   119 |   101 |       ||   220
Dodge: Dodged            |   111 |    86 |       ||   197
Block: Buckler           |    47 |    42 |     1 ||    90

Table legend: (Time is in decaauts)
 A = Elapsed time spent in this place.
 B = Non-inter-level travel time spent in this place.
 C = Inter-level travel time spent in this place.
 D = Time resting spent in this place.
 E = Time spent auto-exploring this place.
 F = Levels seen in this place.
 G = Mean time per level.
                   A        B        C        D        E       F      G
               +--------+--------+--------+--------+--------+-----+--------+
         Total |   7822 |   7565 |    257 |   3771 |   2552 |   5 | 1564.4 |
       Dungeon |   7822 |   7565 |    257 |   3771 |   2552 |   5 | 1564.4 |
               +--------+--------+--------+--------+--------+-----+--------+

Top non-repeatable levels by time:
     D:1: 2597 daAuts
     D:3: 2362 daAuts
     D:4: 1588 daAuts
     D:2: 1244 daAuts
     D:5: 29 daAuts
